 Dungeon Crawl Stone Soup version 0.20-a0-972-gb9bd3e6 (webtiles) character file.

22610 HeyBub the Nimble (level 12, -15/174 HPs)
             Began as a Minotaur Monk on Apr 9, 2017.
             Was a High Priest of Makhleb.
             Demolished by an ettin
             ... wielding a +0 dire flail
              (26 damage)
             ... on level 12 of the Dungeon.
             The game lasted 00:26:35 (10779 turns).

HeyBub the Nimble (Minotaur Monk)                  Turns: 10779, Time: 00:26:36

Health: -15/174    AC: 31    Str: 21    XL:     12   Next: 64%
Magic:  15/15      EV:  2    Int:  7    God:    Makhleb [*****.]
Gold:   735        SH:  0    Dex: 18    Spells: 11/11 levels left

rFire    . . .     SeeInvis .   u - +3 great sword (freeze)
rCold    . . .     Gourm    .   (shield currently unavailable)
rNeg     + + +     Faith    .   (armour currently unavailable)
rPois    +         Spirit   .   (helmet currently unavailable)
rElec    .         Reflect  .   (cloak currently unavailable)
rCorr    .         Harm     .   (gloves currently unavailable)
MR       .....     NoTele   +   (boots currently unavailable)
Stlth    ++++......             (no amulet)
Regen    0.8/turn               m - +2 ring of protection
MPRegen  0.2/turn               k - +3 ring of protection

@: agile, tree-form, drained
A: (retaliatory headbutt), (horns 0), (talons 0), (deformed body), regeneration
1, robust 1, screaming 1
a: Minor Destruction, Lesser Servant of Makhleb, Major Destruction, Greater
Servant of Makhleb, Renounce Religion


You were on level 12 of the Dungeon.
You worshipped Makhleb.
Makhleb was extremely pleased with you.
You were hungry.
You were a tree.
You visited 2 branches of the dungeon, and saw 13 of its levels.

You collected 735 gold pieces.

Inventory:

Hand Weapons
 i - a +0 blowgun
 j - a +1 short sword
 n - a cursed +3 great sword of flaming
 u - a +3 great sword of freezing (weapon)
 B - a +1 falchion
 J - a +2 short sword of freezing
 R - a +2 scimitar of flaming
Missiles
 h - 69 poisoned needles
Armour
 e - the +2 robe of the Earth {*Drain rElec MR+++ SInv}
   (You found it on level 5 of the Dungeon)

   It insulates you from electricity.
   It affects your resistance to hostile enchantments.
   It lets you see invisible.
   It causes draining when unequipped.
 g - a +2 pair of boots (melded)
 p - a +1 crystal plate armour (melded)
 s - a +1 cloak of poison resistance (melded)
 y - a cursed +0 leather armour
 A - the +2 leather armour of the World {Str-4 Int+4 Slay+6 Stlth+}
   (You found it on level 6 of the Dungeon)

   It affects your strength (-4).
   It affects your intelligence (+4).
   It affects your accuracy and damage with ranged weapons and melee attacks
   (+6).
   It makes you more stealthy.
 L - a +3 ring mail
 S - a +2 robe of the Archmagi
Jewellery
 k - a +3 ring of protection (right branch)
 m - a +2 ring of protection (left branch)
 r - an uncursed ring of protection from magic
 T - a cursed ring of teleportation {unknown}
Wands
 c - a wand of confusion (19/48)
 x - a wand of disintegration (21/24)
 C - a wand of digging (10/24)
 F - a wand of lightning (3/15)
 G - a wand of scattershot (5/9)
 N - a wand of disintegration (8/24)
Scrolls
 a - a scroll of fog {unknown}
 b - 4 scrolls of identify
 d - 4 scrolls of amnesia {unknown}
 l - a scroll of blinking
 o - 2 scrolls of teleportation
 E - 3 scrolls of remove curse
 H - 3 scrolls of recharging
Potions
 t - 2 potions of flight
 z - 4 potions of lignification
 M - a potion of berserk rage {unknown}
Books
 O - a book of Maledictions

   Spells                             Type                      Level
   a - Corona                         Hexes                        1
   b - Ensorcelled Hibernation        Hexes/Ice                    2
   c - Confuse                        Hexes                        3
   d - Tukima's Dance                 Hexes                        3
   e - Dazzling Spray                 Conjuration/Hexes            3
 W - a book of Transfigurations

   Spells                             Type                      Level
   a - Irradiate                      Conjuration/Transmutation    5
   b - Statue Form                    Transmutation/Earth          6
   c - Hydra Form                     Transmutation                6
   d - Dragon Form                    Transmutation                7
Comestibles
 q - 2 fruits
 v - 4 meat rations
 K - 6 bread rations
 P - a royal jelly


   Skills:
 - Level 10.0(9.0) Fighting
 - Level 6.7(8.6) Short Blades
 - Level 11.5(11.2) Long Blades
 - Level 10.6(9.6) Armour
 - Level 13.4(12.3) Dodging
 - Level 3.9(3.0) Stealth
 + Level 6.2(5.2) Invocations


You had 11 spell levels left.
You didn't know any spells.

Dungeon Overview and Level Annotations

Branches:
Dungeon (12/15)            Temple (1/1) D:5            Lair (0/6) D:11
    Orc (0/2) D:11

Altars:
Cheibriados
Dithmenos
Gozag
Hepliaklqana
Makhleb
Nemelex Xobeh
Okawaru
Qazlal
Ru
Sif Muna
Wu Jian
Zin
The Shining One

Shops:
D:5 }   D:6 *}}   D:9 =


Innate Abilities, Weirdness & Mutations

((You reflexively headbutt those who attack you in melee.))
((You have a pair of horns on your head.))
((You have sharp toenails.))
((Armour fits poorly on your strangely shaped body.))
Your natural rate of healing is unusually fast.
You are robust. (+10% HP)
You occasionally shout uncontrollably at your foes.


Message History

The tengu reaver convulses!
The big kobold convulses!
The kobold convulses!
The orc knight convulses!
It was a scroll of torment.
The ettin hits you with a dire flail.
* * * LOW HITPOINT WARNING * * *
The ettin hits you with a great mace.
* * * LOW HITPOINT WARNING * * *
A kobold demonologist comes into view. It is wielding a dagger.
As you read the scroll labeled DICAEFR HEIFUQUHAQ, it crumbles to dust.
It is a scroll of brand weapon.
Your cursed +3 great sword is engulfed in flames!
n - a cursed +3 great sword of flaming The kobold demonologist gestures wildly while chanting.
The ettin hits you with a dire flail.
* * * LOW HITPOINT WARNING * * *
The ettin hits you with a great mace.
* * * LOW HITPOINT WARNING * * *
It was a potion of agility.
You feel agile all of a sudden. The ettin hits you with a dire flail!!
You die...

####............,,,,,,,,,,,,,,,,,
................,,,,,,,,,,,,,,,,,
........########************,*,**
######..#.#,*,*,*,*,*,*,,,,*,*,,*
#..#.#,*,*,*,*,*,*,,,,**,*,*
#...#,*,*,*,*,*,*,,,,,*,,*,*
######...#,*,*,*,*,*,*,,,,,*,*,**
.....#..##*****########,*,**,*,,*
....)...#,,,,**#♣#Q...#*,*,**,*,*
.....)..#,,,,,#.#CKK..#,*,**,,*,*
..###...#,,,,,#K#KKK..#*,*,*,*,**
....#...#,,,,*.###K...#,*,**,*,,*
....#...#,*,,##**#..o....,,**,*,*
....#...#,,*,*,,,..%)).....*,,*,*
....#...#,,***,,...?.%.....*,*,**
....#...##*,,*,....}$[.....*,*,,*
....#...#.#,,*.........####**,*,*


You could see an orc knight, an ettin, a kobold demonologist, a big kobold and 5
kobolds.

Vanquished Creatures
  Josephine (D:12)
  Harold (D:10)
  A centaur warrior (D:10)
  Erica (D:11)
  5 two-headed ogres
  Nergalle (D:12)
  An unseen horror (D:10)
  A deep elf mage (D:10)
  A cyclops (D:11)
  An ugly thing (D:12)
  2 centaur skeletons
  The ghost of HeyBub the Skirmisher, an amateur MiMo of Okawaru (D:5)
  4 trolls
  9 polar bears (D:10)
  A meliai zombie (D:11)
  4 hippogriffs
  Sigmund (D:5)
  A wyvern (D:8)
  4 wraiths (D:12)
  9 yaks
  2 hungry ghosts
  2 hogs (D:10)
  Edmund (D:5)
  Menkaure (D:4)
  2 soldier ants
  2 water moccasins (D:9)
  Duvessa (D:4)
  3 sky beasts
  5 black bears (D:10)
  An orc warrior (D:10)
  4 ice beasts
  A necrophage (D:5)
  3 phantoms
  3 centaurs
  5 ogres
  3 big kobolds
  13 bullfrogs
  2 wyvern skeletons
  Dowan (D:4)
  5 scorpions
  14 killer bees
  13 wights
  6 crimson imps
  2 centaur zombies
  2 bullfrog zombies
  2 orc priests
  9 orc wizards
  8 hounds
  A jelly (D:10)
  A bullfrog skeleton (D:9)
  Terence (D:3)
  An iguana (D:10)
  Natasha (thrice) (D:2)
  Ijyb (D:3)
  7 worker ants
  2 killer bee zombies
  2 hound skeletons
  A howler monkey zombie (D:5)
  A worker ant zombie (D:11)
  7 gnolls
  2 howler monkey skeletons
  9 adders
  A shadow imp (D:9)
  A white imp (D:9)
  An ooze (D:2)
  2 adder zombies
  3 adder skeletons
  A worm (D:4)
  2 dart slugs
  5 leopard geckos
  30 orcs
  3 ball pythons
  2 giant cockroaches
  9 goblins
  6 hobgoblins
  6 jackals (D:2)
  14 kobolds
  4 quokkas
  5 bats
  8 frilled lizards
  A goblin zombie (D:9)
  A hobgoblin zombie (D:9)
  A jackal skeleton (D:4)
  A kobold skeleton (D:9)
  A kobold zombie (D:9)
  2 orc skeletons (D:9)
  An orc zombie (D:9)
  A quokka zombie (D:7)
  6 rats
323 creatures vanquished.

Notes
Turn   | Place    | Note
-------+----------+-------------------------------------------
     0 | D:1      | HeyBub the Minotaur Monk began the quest for the Orb.
     0 | D:1      | Reached XP level 1. HP: 22/22 MP: 0/0
    49 | D:1      | Reached skill level 5 in Fighting
    50 | D:1      | Reached XP level 2. HP: 21/29 MP: 1/1
   279 | D:2      | Noticed Natasha
   284 | D:2      | Killed Natasha
   284 | D:2      | Reached skill level 5 in Dodging
   284 | D:2      | Reached XP level 3. HP: 33/36 MP: 2/2
   703 | D:3      | Reached skill level 1 in Short Blades
   703 | D:3      | Reached XP level 4. HP: 39/42 MP: 3/3
   762 | D:4      | Noticed Menkaure
  1452 | D:2      | Found a snail-covered altar of Cheibriados.
  1469 | D:2      | Noticed Natasha
  1480 | D:2      | Killed Natasha
  1612 | D:2      | Noticed Natasha
  1621 | D:2      | Killed Natasha
  1621 | D:2      | Reached XP level 5. HP: 49/49 MP: 4/4
  1810 | D:3      | Found a hazy altar of Hepliaklqana.
  1935 | D:3      | Noticed Terence
  1946 | D:3      | Killed Terence
  2357 | D:3      | Noticed Ijyb
  2366 | D:3      | Killed Ijyb
  2366 | D:3      | Reached skill level 1 in Armour
  2431 | D:4      | Killed Menkaure
  2431 | D:4      | Reached XP level 6. HP: 10/57 MP: 5/5
  2682 | D:4      | Noticed Dowan
  2692 | D:4      | Noticed Duvessa
  2704 | D:4      | Killed Dowan
  2727 | D:4      | Killed Duvessa
  3052 | D:4      | Found a shadowy altar of Dithmenos.
  3057 | D:4      | Reached XP level 7. HP: 63/63 MP: 6/6
  3082 | D:4      | Reached skill level 5 in Short Blades
  3443 | D:5      | Entered Level 5 of the Dungeon
  3672 | D:5      | Got a faintly humming robe
  3673 | D:5      | Identified the +2 robe of the Earth {*Drain rElec MR+++ SInv} (You found it on level 5 of the Dungeon)
  3685 | D:5      | Noticed HeyBub's ghost (amateur MiMo)
  3736 | D:5      | Killed HeyBub's ghost
  3736 | D:5      | Reached skill level 1 in Long Blades
  3737 | D:5      | Noticed Sigmund
  3769 | D:5      | Reached XP level 8. HP: 35/71 MP: 7/7
  3783 | D:5      | Killed Sigmund
  3783 | D:5      | Reached skill level 5 in Armour
  4100 | D:5      | Found a staircase to the Ecumenical Temple.
  4147 | Temple   | Entered the Ecumenical Temple
  4195 | Temple   | Became a worshipper of Makhleb the Destroyer
  4195 | Temple   | Reached * piety under Makhleb
  4195 | Temple   | Reached ** piety under Makhleb
  4425 | D:5      | Found Egoc's Gadget Shop.
  4438 | D:5      | Noticed Edmund
  4465 | D:5      | Killed Edmund
  4894 | D:6      | Found Ynoim's Gadget Boutique.
  4961 | D:6      | Found Cuifi's Gadget Boutique.
  5057 | D:6      | Gained mutation: You tend to lose your temper in combat. [potion of mutation]
  5057 | D:6      | Gained mutation: Armour fits poorly on your strangely shaped body. [potion of mutation]
  5057 | D:6      | Gained mutation: You are robust. (+10% HP) [potion of mutation]
  5057 | D:6      | Gained mutation: You have sharp toenails. [potion of mutation]
  5059 | D:6      | Gained mutation: You are agile. (Dex +2) [mutagenic meat]
  5060 | D:6      | Gained mutation: Your flesh is cold resistant. (rC+) [mutagenic meat]
  5061 | D:6      | Lost mutation: You tend to lose your temper in combat. [mutagenic meat]
  5062 | D:6      | Gained mutation: You occasionally shout uncontrollably at your foes. [mutagenic meat]
  5078 | D:6      | Found an iron altar of Okawaru.
  5133 | D:6      | Reached skill level 5 in Long Blades
  5142 | D:6      | Found Haprehil's Assorted Antiques.
  5358 | D:6      | Got a fine leather armour
  5506 | D:7      | Reached XP level 9. HP: 77/86 MP: 8/8
  5783 | D:7      | Found a glowing silver altar of Zin.
  6005 | D:8      | Identified the +2 leather armour of the World {Str-4 Int+4 Slay+6 Stlth+} (You found it on level 6 of the Dungeon)
  6178 | D:8      | Found an opulent altar of Gozag.
  6251 | D:8      | Noticed a two-headed ogre
  6265 | D:8      | Killed a two-headed ogre
  6343 | D:8      | Noticed a two-headed ogre
  6360 | D:8      | Killed a two-headed ogre
  6360 | D:8      | Reached XP level 10. HP: 61/99 MP: 9/9
  6631 | D:8      | Reached *** piety under Makhleb
  7005 | D:8      | Noticed a two-headed ogre
  7023 | D:8      | Killed a two-headed ogre
  7023 | D:8      | Reached skill level 10 in Long Blades
  7024 | D:8      | Reached skill level 10 in Armour
  7273 | D:8      | Found a deep blue altar of Sif Muna.
  7369 | D:9      | Found Acuyr's Jewellery Boutique.
  7427 | D:9      | Found an ornate altar of the Wu Jian Council.
  7581 | D:9      | Lost mutation: You are agile. (Dex +2) [mutagenic meat]
  7582 | D:9      | Gained mutation: Your natural rate of healing is unusually fast. [mutagenic meat]
  7585 | D:9      | Lost mutation: Your flesh is cold resistant. (rC+) [mutagenic meat]
  7802 | D:9      | Found a glowing golden altar of the Shining One.
  8469 | D:10     | Entered Level 10 of the Dungeon
  8479 | D:10     | Noticed Harold
  8493 | D:10     | Killed Harold
  8496 | D:10     | Reached **** piety under Makhleb
  8496 | D:10     | Reached skill level 10 in Fighting
  8500 | D:10     | Reached XP level 11. HP: 105/108 MP: 10/10
  8712 | D:10     | Reached skill level 6 in Dodging
  8715 | D:10     | Found an ornate altar of the Wu Jian Council.
  8715 | D:10     | Noticed a deep elf mage
  8731 | D:10     | Killed a deep elf mage
  8744 | D:10     | Reached skill level 7 in Dodging
  8782 | D:10     | Found a huge runed gate.
  8783 | D:10     | Found a huge runed gate.
  8784 | D:10     | Found a huge runed gate.
  8814 | D:10     | Reached skill level 8 in Dodging
  8956 | D:10     | Killed an unseen horror
  9017 | D:10     | Found a huge runed gate.
  9081 | D:10     | Noticed a centaur warrior
  9093 | D:10     | Killed a centaur warrior
  9093 | D:10     | Reached skill level 9 in Dodging
  9550 | D:10     | Reached skill level 10 in Dodging
  9581 | D:10     | Reached ***** piety under Makhleb
  9587 | D:10     | Reached skill level 11 in Dodging
  9693 | D:11     | Found a staircase to the Lair.
  9698 | D:11     | Reached skill level 12 in Dodging
  9733 | D:11     | Noticed a two-headed ogre
  9738 | D:11     | Noticed a two-headed ogre
  9748 | D:11     | Reached XP level 12. HP: 72/116 MP: 11/11
  9750 | D:11     | Killed a two-headed ogre
  9751 | D:11     | Killed a two-headed ogre
  9909 | D:11     | Noticed Erica
  9913 | D:11     | Reached skill level 13 in Dodging
  9926 | D:11     | Killed Erica
  9983 | D:11     | Found a staircase to the Orcish Mines.
 10303 | D:12     | Reached skill level 1 in Invocations
 10590 | D:12     | Noticed Nergalle
 10591 | D:12     | Noticed Josephine
 10613 | D:12     | Killed Josephine
 10613 | D:12     | Reached skill level 5 in Invocations
 10620 | D:12     | Killed Nergalle
 10767 | D:12     | Noticed an ettin
 10768 | D:12     | Noticed a fire giant
 10770 | D:12     | Noticed a tengu reaver
 10779 | D:12     | Demolished by an ettin

Vault maps used:
D:1:      minmay_arrival_jagged
D:2:      nicolae_overflow_crystal_walls, uniq_natasha
D:3:      lemuel_doored_altar, first_bread, minmay_close_crescents, uniq_iyjb,
          uniq_terence
D:4:      grunt_dithmenos_smoke, uniq_menkaure, uniq_duvessa
D:5:      temple_statues, serial_shops, shop, uniq_edmund, uniq_sigmund
D:6:      okawaru_trees_1, serial_shops, nicolae_shop_window_shopping,
          kennysheep_mini, shop, shop, kennysheep_generic_room_15
D:7:      kennysheep_mini_moat
D:8:      nicolae_overflow_hidden_temple, lemuel_blue_sif_altar
D:9:      lemuel_crystal_altar, serial_shops, nicolae_shop_window_shopping,
          nicolae_tso_besieged_by_evil
D:10:     lemuel_bear_cage, grunt_ogre_cave, minmay_misc_feat_iff,
          minmay_ruined_shrine, uniq_harold
D:11:     lair_entry_dummy, orc_0_dummy, uniq_erica
D:12:     minmay_textured_paths, uniq_azrael, uniq_nergalle, uniq_josephine
Temple:   regret_index_temple_generic_petals

Skill      XL: |  1  2  3  4  5  6  7  8  9 10 11 12 |
---------------+-------------------------------------+-----
Fighting       | 5 6 7 8 10 | 10.0
Dodging        | 5 12 13 | 13.4
Short Blades   | 1 2 4 6 |  6.7
Armour         | 1 3 4 7 9 10 | 10.6
Long Blades    | 1 5 9 11 | 11.5
Invocations    | 6 |  6.2
Stealth        | |  3.9

Action                   |  1- 3 |  4- 6 |  7- 9 | 10-12 || total
-------------------------+-------+-------+-------+-------++-------
Melee: Unarmed           |    11 |       |       |       ||    11
       Headbutt          |    10 |    33 |    98 |   144 ||   285
       Short sword       |    52 |    87 |       |       ||   139
       Rapier            |       |    86 |    17 |       ||   103
       Falchion          |       |       |   425 |   230 ||   655
       Kick              |       |       |    46 |       ||    46
       Great sword       |       |       |       |   391 ||   391
  Use: Scroll            |       |     1 |    14 |     5 ||    20
       Potion            |       |     1 |     5 |    11 ||    17
 Stab: Sleeping          |     1 |       |       |       ||     1
       Invisible         |       |       |       |     2 ||     2
  Eat: Chunk             |       |     4 |    14 |    17 ||    35
       Bread ration      |       |     2 |     2 |       ||     4
       Meat ration       |       |       |       |     1 ||     1
       Fruit             |       |       |       |     1 ||     1
Armor: Robe              |     8 |     2 |       |       ||    10
       Crystal plate arm |       |   144 |   347 |   713 ||  1204
       Skin              |       |       |       |     1 ||     1
Dodge: Dodged            |    75 |    31 |    92 |   302 ||   500
       Rpst.: Falchion   |       |       |    32 |    17 ||    49
       Great sword       |       |       |       |    63 ||    63
